 Dungeon Crawl Stone Soup version 0.24-a0-443-g80245de385 (webtiles) character file.

Game seed: 4921484808896742470

1099 forest the Covert (level 8, -3/39 HPs)
             Began as a Spriggan Assassin on June 21, 2019.
             Killed from afar by Sigmund (9 damage)
             ... with a puff of flame
             ... on level 6 of the Dungeon.
             The game lasted 00:21:47 (7821 turns).

forest the Covert (Spriggan Assassin)               Turns: 7821, Time: 00:21:48

Health: -3/39      AC:  2    Str:  8    XL:     8   Next: 10%
Magic:  9/9        EV: 20    Int: 12    God:
Gold:   294        SH:  8    Dex: 19    Spells: 7/7 levels left

rFire    . . .     SeeInvis +   i - +2 dagger (drain)
rCold    . . .     Gourm    .   z - +2 buckler
rNeg     . . .     Faith    .   b - +0 robe
rPois    .         Spirit   .   (helmet restricted)
rElec    .         Reflect  .   m - scarf {repulsion}
rCorr    .         Harm     .   (gloves unavailable)
MR       +....                  (boots unavailable)
Stlth    ++++......             (no amulet)
HPRegen  0.13/turn              (no ring)
MPRegen  0.11/turn              (no ring)

@: repel missiles, very quick
A: very small, unfitting armour, see invisible, herbivore, speed 3, slow
metabolism 2
a: no special abilities


You were on level 6 of the Dungeon.
You were not hungry.

You visited 2 branches of the dungeon, and saw 7 of its levels.

You collected 294 gold pieces.

Inventory:

Hand Weapons
 i - a +2 dagger of draining (weapon)
 C - the +8 short sword of Dissolution {pierce, *Noise rPois Str+4}
   (You found it on level 5 of the Dungeon)

   It inflicts extra damage upon your enemies.
   It affects your strength (+4).
   It protects you from poison.
   It may make noises in combat.
Missiles
 d - 18 poisoned darts (quivered)
 e - 2 curare-tipped darts
 h - 250 stones
 A - 15 sling bullets
Armour
 b - a +0 robe (worn)
 c - a +0 cloak
 m - a scarf of repulsion (worn)
 z - a +2 buckler (worn)
Jewellery
 q - an uncursed ring of magical power
Wands
 j - a wand of iceblast (12)
 l - a wand of random effects (13)
 r - a wand of flame (19)
 w - a wand of digging (4)
 x - a wand of polymorph (12)
Scrolls
 g - 3 scrolls of fog
 u - 3 scrolls of teleportation
 y - a scroll of fear
Potions
 a - a potion of magic
 k - 3 potions of curing {unknown}
 n - 4 potions of degeneration {unknown}
 o - a potion of cancellation {unknown}
 p - 2 potions of mutation {unknown}
 s - a potion of berserk rage {unknown}
 t - a potion of might {unknown}
 v - a potion of haste {unknown}
Comestibles
 f - 5 rations


   Skills:
 + Level 2.8 Fighting
 + Level 4.9 Short Blades
 + Level 6.2 Throwing
 + Level 5.1 Dodging
 + Level 8.6 Stealth
 + Level 0.2 Shields


You had 7 spell levels left.
You didn't know any spells.
Your spell library was empty.

Dungeon Overview and Level Annotations

Branches:
Dungeon (6/15)             Temple (1/1) D:4

Altars:
Ashenzari
Cheibriados
Elyvilon
Fedhas
Gozag
Hepliaklqana
Kikubaaqudgha
Makhleb
Nemelex Xobeh
Okawaru
Qazlal
Ru
Sif Muna
Vehumet
Wu Jian
Xom
Zin
The Shining One

Shops:
D:6 =

Portals:
Ossuary: D:6

Annotations:
D:5 1 runed translucent door, vurker's ghost, novice DsGl
D:6 Sigmund


Innate Abilities, Weirdness & Mutations

You are very small and have problems with some larger weapons.
You are too small for most types of armour.
You have supernaturally acute eyesight. (SInv)
You are a herbivore.
You cover ground extremely quickly.
You need to consume almost no food.


Message History

A phantom comes into view.
The phantom hits you.
Found 19 bolts.
The phantom blinks!
A jackal comes into view. 2 jackals come into view.
An iguana comes into view.
A jackal comes into view.
The jackal barks!
Found a ration.
Found a sand-covered staircase.
Sigmund the Dreaded comes into view.
He is wielding a +0 scythe.
Sigmund shouts!
The jackal closely misses you. Sigmund gestures at you while chanting.
The puff of flame hits you!
* * * LOW HITPOINT WARNING * * *
There is a sand-covered staircase here.
You block the jackal's attack. Sigmund gestures at you while chanting.
The puff of flame hits you!
You die...

##(.......# ##......##
#... ##.....#### ...#
##W......# ...###
#..##.... ..#... #....
##.## #### #......
.... #W.# ###.%.....
... ##l### ##.........
#.. ##....##
#.F@..@.... #..
###......# #.h........
#..
#........###h###......
#.. ........h......#
##.... #..
##.........##### ###
### ##...h...##
##.....## #######


You could see Sigmund, a bullfrog and 2 jackals.

Vanquished Creatures
  An ice beast (D:5)
  2 ogres
  2 bullfrogs (D:6)
  2 scorpions
  2 howler monkeys
  2 crimson imps (D:5)
  2 orc wizards
  A bullfrog skeleton (D:4)
  An iguana (D:5)
  4 worker ants
  A hound skeleton (D:4)
  5 gnolls
  9 adders
  A shadow imp (D:6)
  3 oozes
  4 worms
  3 dart slugs
  A leopard gecko (D:5)
  11 orcs
  4 giant cockroaches
  5 goblins
  6 hobgoblins
  10 kobolds
  2 quokkas
  A ball python (D:2)
  6 bats
  3 frilled lizards
  A quokka skeleton (D:4)
  11 rats
106 creatures vanquished.

Vanquished Creatures (others)
  A ghoul (D:1)
  An elf (D:1)
  A troll (D:1)
  A formicid (D:1)
  A vampire (D:1)
  A human (D:1)
  2 nagas (D:1)
  3 centaurs (D:1)
  A mummy (D:1)
  An orc (D:1)
  2 kobolds (D:1)
  6 tentacles (D:1)
21 creatures vanquished.

Grand Total: 127 creatures vanquished

Notes
Turn   | Place    | Note
-------+----------+-------------------------------------------
     0 | D:1      | forest the Spriggan Assassin began the quest for the Orb.
     0 | D:1      | Reached XP level 1. HP: 10/10 MP: 2/2
     2 | D:1      | Noticed an elf
     2 | D:1      | Noticed a centaur
     2 | D:1      | Noticed a formicid
     2 | D:1      | Noticed a naga
     2 | D:1      | Noticed a centaur
     2 | D:1      | Noticed a human
     2 | D:1      | Noticed a kraken
     2 | D:1      | Noticed a troll
     2 | D:1      | Noticed a ghoul
     2 | D:1      | Noticed a naga
     2 | D:1      | Noticed a vampire
     2 | D:1      | Noticed a centaur
     3 | D:1      | Killed a naga
     8 | D:1      | Killed a human
     8 | D:1      | Killed a troll
    10 | D:1      | Killed a naga
    11 | D:1      | Killed a centaur
    12 | D:1      | Killed a formicid
    14 | D:1      | Killed a centaur
    14 | D:1      | Killed a vampire
    18 | D:1      | Killed a centaur
    19 | D:1      | Killed an elf
    19 | D:1      | Killed a ghoul
   230 | D:1      | Reached skill level 6 in Stealth
   236 | D:1      | Reached XP level 2. HP: 14/14 MP: 3/3
   874 | D:2      | Reached XP level 3. HP: 13/18 MP: 4/4
  1541 | D:2      | Reached XP level 4. HP: 23/23 MP: 5/5
  1656 | D:3      | Reached skill level 7 in Stealth
  2615 | D:3      | Reached XP level 5. HP: 19/26 MP: 6/6
  4164 | D:4      | Found a staircase to the Ecumenical Temple.
  4175 | Temple   | Entered the Ecumenical Temple
  4373 | D:4      | Reached XP level 6. HP: 7/30 MP: 7/7
  6073 | D:5      | Entered Level 5 of the Dungeon
  6159 | D:5      | Noticed an ice beast
  6231 | D:5      | Killed an ice beast
  6231 | D:5      | Reached XP level 7. HP: 10/35 MP: 8/8
  6525 | D:5      | Reached skill level 5 in Throwing
  6543 | D:5      | Found a sparkling altar of Nemelex Xobeh.
  6594 | D:5      | Found a runed translucent door.
  6626 | D:5      | Noticed vurker's ghost (novice DsGl)
  6644 | D:5      | Reached skill level 8 in Stealth
  6696 | D:5      | Found a shattered altar of Ashenzari.
  7240 | D:5      | Got an ancient short sword
  7241 | D:5      | Identified the +8 short sword of Dissolution {pierce,
                  | *Noise rPois Str+4} (You found it on level 5 of the
                  | Dungeon)
  7492 | D:6      | Reached XP level 8. HP: 29/39 MP: 9/9
  7542 | D:6      | Found Eruili's Jewellery Shop.
  7643 | D:6      | Reached skill level 5 in Dodging
  7814 | D:6      | Found a sand-covered staircase.
  7817 | D:6      | Noticed Sigmund
  7821 | D:6      | Killed from afar by Sigmund

Levels and vault maps discovered:
D:1:      nicolae_arrival_kraken_aquarium_b, layout_basic, minivault_24
D:2:      layout_basic, first_ration
D:3:      layout_basic
D:4:      layout_basic, minmay_temple_entry_mini_moons
D:5:      layout_loops_ring, old_standard_altar, nicolae_ashenzari_panopticon,
          ebering_ghost_sewer_d, abandoned_shop, st_stairs_4
D:6:      layout_cave_pods, lemuel_round_altar, enter_ossuary_3, serial_shops,
          shop, uniq_sigmund
Temple:   eino_temple_rhombus

Skill      XL: |  1  2  3  4  5  6  7  8 |
---------------+-------------------------+-----
Stealth        | 6 7 8 |  8.6
Dodging        | 2 3 4 5 |  5.1
Short Blades   | 3 4 |  4.9
Fighting       | 2 |  2.8
Throwing       | 3 4 6 |  6.2
Shields        | |  0.2

Action                   |  1- 3 |  4- 6 |  7- 9 || total
-------------------------+-------+-------+-------++-------
Melee: Dagger            |   159 |   141 |   108 ||   408
Throw: Dart              |     2 |   114 |    43 ||   159
       Stone             |       |    27 |       ||    27
  Use: Scroll            |       |     8 |     3 ||    11
 Stab: Sleeping          |     8 |     7 |     4 ||    19
  Eat: Ration            |       |     2 |     1 ||     3
Armor: Robe              |    19 |    14 |     7 ||    40
Dodge: Dodged            |   144 |    88 |    93 ||   325
       Deflected         |       |     1 |     2 ||     3
Block: Buckler           |       |       |    22 ||    22

Table legend:
 A = Non-vault XP
 B = Vault XP
 C = Vault XP percentage of total XP
 D = Non-vault monster count
 E = Vault monster count
 F = Vault count percentage of total count
                 A         B        C        D         E       F
            +---------+---------+-------+---------+---------+-------
      Total |    1551 |      19 |   1.2 |     104 |       2 |   1.9
            +---------+---------+-------+---------+---------+-------
        D:1 |      30 |       0 |   0.0 |      19 |       0 |   0.0
        D:2 |      73 |       0 |   0.0 |      28 |       0 |   0.0
        D:3 |      95 |       0 |   0.0 |      16 |       0 |   0.0
        D:4 |     435 |       0 |   0.0 |      21 |       0 |   0.0
        D:5 |     548 |      19 |   3.4 |      12 |       2 |  14.3
        D:6 |     370 |       0 |   0.0 |       8 |       0 |   0.0
            +---------+---------+-------+---------+---------+-------
